 Dungeon Crawl Stone Soup version 0.31-a0-986-g5e6e4ef867 (webtiles) character file.

Game seed: 16942527161367178326

54 Forgeling the Gusty (level 3, 14/14 HPs)
             Began as a Felid Air Elementalist on Nov 8, 2023.
             Was a Plaything of Xom.
             Quit the game on level 3 of the Dungeon.
             The game lasted 00:03:28 (2149 turns).

Forgeling the Gusty (Felid Air Elementalist)        Turns: 2149, Time: 00:03:28

Health: 14/14      AC:  5    Str:  4    XL:     3   Next: 66%
Magic:  7/7        EV: 17    Int: 18    God:    Xom [..*...]
Gold:   81         SH:  0    Dex: 16    Spells: 5/6 levels left
                                        Lives:  1   Deaths: 0

rFire   . . .        (weapon unavailable)
rCold   . . .        (shield unavailable)
rNeg    . . .        (body armour unavailable)
rPois   .            (helmet unavailable)
rElec   .            (cloak unavailable)
rCorr   .            (gloves unavailable)
SInv    +            (boots unavailable)
Will    .....        (no amulet)
Stlth   ++           c - +4 ring of protection
HPRegen 0.22/turn    (no ring)
MPRegen 0.10/turn

%: no passive effects
@: beast-form, quick
A: beast (slay +0), very small, claws 1, fangs 3, see invisible, speed 1, shaggy
fur 1, stealthy paws, no weapons or thrown items, no armour, multi-lived
a: Begin Untransformation, Renounce Religion


You were on level 3 of the Dungeon.
You worshipped Xom.
You were a toy of Xom.
You were a hulking beast.
You visited 1 branch of the dungeon, and saw 3 of its levels.

You collected 81 gold pieces.

Inventory:

Jewellery
 c - a +4 ring of protection (left paw)
Talismans
 h - a beast talisman (active)
Scrolls
 b - a scroll of torment {unknown}
 e - a scroll of amnesia {unknown}
 E - 2 scrolls of fear
Potions
 d - a potion of curing {unknown}
 f - a potion of invisibility {unknown}
 g - a potion of heal wounds {unknown}
 M - a potion of might
 Q - a potion of magic
 U - a potion of mutation


   Skills:
 - Level 2.6 Dodging
 - Level 2.6 Stealth
 - Level 2.0 Spellcasting
 - Level 0.8 Conjurations
 + Level 4.2 Air Magic


You had 5 spell levels left.
You knew the following spells:

 Your Spells              Type           Power      Damage    Failure   Level
a - Shock                 Conj/Air       44%        1d5       6%          1

Your spell library contained the following spells:

 Spells                   Type           Power      Damage    Failure   Level
 Static Discharge         Conj/Air       22%        3-4/arc   10%         2
 Swiftness                Air            17%        N/A       10%         3
 Airstrike                Air            8%         2d(2-18)  30%         4


Dungeon Overview and Level Annotations

Branches:
Dungeon (3/15)

Altars:
Cheibriados
Xom

Annotations:
D:2 Sigmund


Innate Abilities, Weirdness & Mutations

You are a hulking beast.
Your limbs bulge with bestial killing power. (Slay +0)
You have sharp claws.
You have razor-sharp teeth.
You have supernaturally acute eyesight. (SInv)
You cover ground quickly. (Speed+)
You are covered in fur. (AC +1)
Your paws help you pounce on unaware monsters.
You are incapable of wielding weapons or throwing items.
You cannot wear armour.
You gain extra lives every three experience levels.


Message History

Unknown command.
Unknown command.
Press: ? - help, v - describe, . - travel
Here: Sigmund, wielding a +0 scythe, wearing a +0 robe and carrying a wand of flame (asleep)
The floor.
Placed new exclusion.
Unknown command.
You see here a +0 mace.
h - a beast talisman Partly explored, can't reach some places.
Partly explored, can't reach some places.
Partly explored, can't reach some places.
Search for what [Enter for "altar", or ? for help]? tal Unknown command.
Unknown command.
Unknown command.
Search for what [Enter for "tal", or ? for help]? tal Unknown command.
Unknown command.
As you read the scroll of identify {@r1}, it crumbles to dust.
a - a potion of might;
M - a potion of might Unknown command.
c - a +4 ring of protection (left paw) Unknown command.
You can't wear anything.
Unknown command.
Unknown command.
You begin transforming.
You continue transforming. x3
You turn into a hulking beast.
There is a stone staircase leading down here.
You climb downwards.
Found a plate armour.
Found a faded altar of an unknown god.
There is a stone staircase leading up here.
Unknown command.
There is a faded altar of an unknown god here.
This altar belongs to (a) Dithmenos, (b) Ashenzari or (c) Xom, but you can't tell which.
Press the corresponding letter to learn more about a god, or press enter to convert or escape to cancel.
Xom accepts your prayer! Xom welcomes you!
Xom is fascinated!
Are you sure you want to abandon this character and quit the game? (Confirm with "yes".)

##### ##...##
# ##..[..##.#
##h......#.#
#..........#
#....#.....#
......###<..##
........#...##
###........##
#...#...##
#...#### #..


There were no monsters in sight!

Vanquished Creatures
  An adder (D:2)
  2 dart slugs
  3 ball pythons
  A bat (D:1)
  5 endoplasms
  5 giant cockroaches
  A goblin (D:2)
  9 hobgoblins
  A quokka (D:2)
  2 frilled lizards
  4 kobolds
  2 rats (D:1)
36 creatures vanquished.

Notes
Turn   | Place    | Note
-------+----------+-------------------------------------------
     0 | D:1      | Forgeling the Felid Air Elementalist began the quest for
                  | the Orb.
     0 | D:1      | Reached XP level 1. HP: 7/7 MP: 4/4
   163 | D:1      | Reached skill level 3 in Air Magic
   243 | D:1      | Reached XP level 2. HP: 11/11 MP: 1/6
   903 | D:2      | Reached XP level 3. HP: 14/14 MP: 0/7
  1093 | D:2      | Reached skill level 4 in Air Magic
  1428 | D:2      | Found a snail-covered altar of Cheibriados.
  1886 | D:2      | Noticed Sigmund
  2142 | D:3      | Found a faded altar of an unknown god.
  2148 | D:3      | Prayed at the altar of an unknown god.
  2148 | D:3      | Became a worshipper of Xom of Chaos
  2149 | D:3      | Quit the game

Illustrated notes

Levels and vault maps discovered:
D:1:      scummos_arrival_star, layout_basic
D:2:      layout_loops_ring, basic_altar, minmay_crystal_water,
          minmay_goblin_kobold_house, uniq_sigmund
D:3:      layout_loops_cross, mainiacjoe_overflow_24_doors,
          gammafunk_temple_overflow_forgotten, basic_ecumenical_altar,
          uniq_jessica, uniq_crazy_yiuf_cottage

Skill      XL: |  1  2  3 |
---------------+----------+-----
Air Magic      | 3 4 |  4.2
Dodging        | |  2.6
Stealth        | |  2.6
Spellcasting   | |  2.0
Conjurations   | |  0.8

Action                     || total
---------------------------++-------
  Melee: Unarmed           ||     2
   Cast: Shock             ||    79
    Use: Scroll            ||     4
  Dodge: Dodged            ||     6
   Form: Beast             ||     1

Table legend: (Time is in decaauts)
 A = Elapsed time spent in this place.
 B = Non-inter-level travel time spent in this place.
 C = Inter-level travel time spent in this place.
 D = Time resting spent in this place.
 E = Time spent auto-exploring this place.
 F = Levels seen in this place.
 G = Mean time per level.
                   A        B        C        D        E       F      G
               +--------+--------+--------+--------+--------+-----+--------+
         Total |   1908 |   1864 |     44 |      0 |   1676 |   3 |  636.0 |
       Dungeon |   1908 |   1864 |     44 |      0 |   1676 |   3 |  636.0 |
               +--------+--------+--------+--------+--------+-----+--------+

Top non-repeatable levels by time:
     D:2: 1117 daAuts
     D:1: 784 daAuts
     D:3: 5 daAuts
